Flames vs Senateurs
Created - December 10, 2024 at 19:24
Goals
|
Flames |
1 |
0 |
0 |
1 |
Senateurs |
2 |
1 |
0 |
3 |
|
Shots
|
Flames |
10 |
5 |
11 |
26 |
Senateurs |
17 |
9 |
7 |
33 |
|
1st period
1. Senateurs , Jordan Martinook 5 (Vincent Trocheck 5) at 1:51
2. Flames , Bryan Rust 9 (Eric Staal 14, Sami Vatanen 16) at 8:22
3. Senateurs , Jake Gardiner 3 (Jordan Martinook 12, Vincent Trocheck 6) at 11:50 (PP)
Penalties :
Erik Johnson (Cal) for Cross-checking (Minor) at 4:37, Erik Johnson (Cal) for Slashing (Minor) at 10:34
2nd period
4. Senateurs , Jordan Martinook 6 (Riley Sheahan 9, Eric Gelinas 6) at 18:49 (PP)
Penalties :
Erik Johnson (Cal) for Hooking (Minor) at 14:09, Brad Marchand (Cal) for Tripping (Minor) at 18:10
3rd period
No Goal
Penalties :
Martin Jones (Ott) for Slashing (Minor) at 6:36 - Jordan Martinook served the penalty, Alex Iafallo (Ott) for Cross-checking (Minor) at 13:11
Goalie Stats
Christopher Gibson (Cal), 30 saves from 33 shots - (0.909), L, 9-8-0, 60:00 minutes
Martin Jones (Ott), 25 saves from 26 shots - (0.962), W, 6-9-1, 60:00 minutes
Players Stats for Flames
Player Name G A P +/- PIM S H SB GA TA FO MP PP MP PK MP
------------------------------------------------------------------------------------
Anders Lee 0 0 0 0 0 0 0 0 0 0 0/3 10:37 0:00 0:16
Brad Marchand 0 0 0 0 2 2 2 0 1 0 1/3 18:05 0:02 2:58
Bryan Rust 1 0 1 0 0 4 0 3 0 0 1/7 22:14 0:02 2:20
Christian Folin 0 0 0 -1 0 1 2 1 0 0 0/0 19:35 1:18 3:41
Colby Robak 0 0 0 0 0 0 1 2 0 0 0/0 15:17 0:00 2:42
David Ullstrom 0 0 0 0 0 0 1 0 0 0 0/0 11:20 0:02 0:50
Eric Staal 0 1 1 0 0 1 2 0 0 0 16/27 19:21 2:27 1:45
Erik Johnson 0 0 0 1 6 2 1 1 1 1 0/0 26:22 2:40 0:39
Esa Lindell 0 0 0 -1 0 3 0 0 0 1 0/0 16:56 1:18 0:00
Jake DeBrusk 0 0 0 0 0 4 2 0 1 0 1/1 14:45 2:27 0:00
Jimmy Hayes 0 0 0 0 0 3 2 0 1 0 0/0 16:31 2:27 0:00
Kevin Labanc 0 0 0 0 0 3 1 0 1 0 0/0 12:57 1:29 0:00
Kyle Palmieri 0 0 0 0 0 0 0 0 0 0 1/1 8:57 0:00 0:00
Patrik Berglund 0 0 0 0 0 0 1 1 1 2 10/17 20:38 1:29 3:37
Rasmus Andersson 0 0 0 0 0 0 1 0 0 0 0/0 14:37 0:00 2:12
Sami Vatanen 0 1 1 1 0 1 2 1 1 3 0/0 26:30 2:40 2:32
Tanner Pearson 0 0 0 0 0 2 2 0 1 0 0/0 15:26 1:29 0:00
Victor Rask 0 0 0 0 0 0 0 0 0 0 2/2 3:55 0:00 0:00
Players Stats for Senateurs
Player Name G A P +/- PIM S H SB GA TA FO MP PP MP PK MP
------------------------------------------------------------------------------------
Alex Iafallo 0 0 0 0 2 5 1 0 0 1 0/1 20:31 3:02 1:00
Anthony Beauvillier 0 0 0 0 0 3 1 0 0 0 0/0 8:29 0:00 0:00
Anton Lindholm 0 0 0 0 0 1 0 0 0 1 0/0 12:19 0:00 0:00
Brendan Smith 0 0 0 0 0 0 0 0 0 1 0/0 18:50 2:04 1:37
Christoph Bertschy 0 0 0 0 0 0 4 0 0 0 3/5 9:34 0:00 1:04
Dmitry Sinitsyn 0 0 0 0 0 0 0 0 1 1 0/0 12:19 0:00 0:00
Eric Gelinas 0 1 1 0 0 0 0 1 0 0 0/0 18:50 2:04 1:37
Jake Gardiner 1 0 1 0 0 3 2 0 0 0 0/0 28:51 3:49 2:21
Jared Cowen 0 0 0 0 0 3 4 2 1 1 0/0 28:51 3:49 2:21
Jordan Martinook 2 1 3 0 0 3 3 0 0 1 0/0 17:53 2:51 0:57
Michael Frolik 0 0 0 0 0 3 0 0 2 1 1/2 19:10 3:02 0:00
Nick Bjugstad 0 0 0 0 0 1 0 0 0 1 16/34 21:52 3:02 2:27
Quinton Howden 0 0 0 0 0 3 0 0 1 0 8/11 11:20 0:00 0:00
Richard Panik 0 0 0 0 0 1 1 0 0 0 0/0 11:27 0:00 0:00
Riley Sheahan 0 1 1 0 0 2 0 0 0 0 0/0 16:47 2:51 0:00
Tim Schaller 0 0 0 0 0 2 1 0 1 0 0/0 12:03 0:00 0:43
Vincent Trocheck 0 2 2 0 0 0 2 0 1 0 1/8 18:23 2:51 1:43
Zachary Sanford 0 0 0 0 0 3 1 0 0 0 0/0 8:32 0:00 0:02
3 Stars
1 - Jordan Martinook (Ott)
2 - Martin Jones (Ott)
3 - Vincent Trocheck (Ott)
Power Play
Flames - 0 on 2 Attempt(s) - 0.00%
Senateurs - 2 on 4 Attempt(s) - 50.00%
Penalty Kill
Flames - 2 on 4 Attempt(s) - 50.00%
- Score 0 goal in Penalty Kill
Senateurs - 2 on 2 Attempt(s) - 100.00%
- Score 0 goal in Penalty Kill
Team Stat
Flames - Hits : 20 - Faceoff Wins : 32 - Blocked Shots : 9 - Penalty Minutes : 8
Senateurs - Hits : 20 - Faceoff Wins : 29 - Blocked Shots : 3 - Penalty Minutes : 4
Official
Referees : Francis Charron and Jean Hebert
Linesman : Derek Amell and James Tobias
Game Notes
5:44 of 1st period - Senateurs goal is going for a video replay. After video review, No Goal. The net was displaced accidentally.
8:22 of 1st period - Flames goal is going for a video replay. After video review, Goal.
Victor Rask is injured at 19:33 of 1st period (Lacerated Left Calf)
Finance
Level 1 -- Attendance: 5933 (98.88%) -- Ticket Income $593,300
Level 2 -- Attendance: 5000 (100.00%) -- Ticket Income $350,000
Level 3 -- Attendance: 1803 (90.15%) -- Ticket Income $72,120
Level 4 -- Attendance: 3963 (99.08%) -- Ticket Income $118,890
Luxury Box -- Attendance: 975 (97.50%) -- Ticket Income $195,000
Game was played at the Centre Canadian Tire.
Total Attendance: 17674 (98.19%)
Total Ticket Income: $1,329,310
Other Income: $199,396
Total Income: $1,528,706
Flames
5 vs 5 Forward
Center Left Wing Right Wing Time % Phy DF OF
1 Eric Staal Brad Marchand Bryan Rust 40 1 2 2
2 Patrik Berglund Tanner Pearson Jimmy Hayes 30 1 2 2
3 Victor Rask Jake DeBrusk Kevin Labanc 20 1 2 2
4 Anders Lee David Ullstrom Kyle Palmieri 10 1 2 2
5 vs 5 Defense
Defense Defense Time % Phy DF OF
1 Erik Johnson Sami Vatanen 40 1 2 2
2 Esa Lindell Christian Folin 30 1 2 2
3 Colby Robak Rasmus Andersson 20 1 2 2
4 Erik Johnson Sami Vatanen 10 1 2 2
PowerPlay Forward
Center Left Wing Right Wing Time % Phy DF OF
1 Eric Staal Jake DeBrusk Jimmy Hayes 60 1 1 3
2 Patrik Berglund Tanner Pearson Kevin Labanc 40 1 1 3
PowerPlay Defense
Defense Defense Time % Phy DF OF
1 Erik Johnson Sami Vatanen 60 1 1 3
2 Esa Lindell Christian Folin 40 1 1 3
Penalty Kill 4 Players Forward
Center Wing Time % Phy DF OF
1 Patrik Berglund Brad Marchand 60 1 3 1
2 Eric Staal Bryan Rust 40 1 3 1
Penalty Kill 4 Players Defense
Defense Defense Time % Phy DF OF
1 Erik Johnson Christian Folin 60 1 3 1
2 Colby Robak Rasmus Andersson 40 1 3 1
Penalty Kill - 3 Players Forward
Forward Time % Phy DF OF
1 Eric Staal 60 1 3 1
2 Patrik Berglund 40 1 3 1
Penalty Kill - 3 Players Defense
Defense Defense Time % Phy DF OF
1 Erik Johnson Christian Folin 60 1 3 1
2 Colby Robak Rasmus Andersson 40 1 3 1
4 vs 4 Forward
Center Wing Time % Phy DF OF
1 Eric Staal Brad Marchand 60 1 2 2
2 Patrik Berglund Bryan Rust 40 1 2 2
4 vs 4 Defense
Defense Defense Time % Phy DF OF
1 Erik Johnson Sami Vatanen 60 1 2 2
2 Esa Lindell Christian Folin 40 1 2 2
Last Minutes Offensive
Center Left Wing Right Wing Defense Defense
Eric Staal Brad Marchand Bryan Rust Erik Johnson Sami Vatanen
Last Minutes Defensive
Center Left Wing Right Wing Defense Defense
Eric Staal Brad Marchand Bryan Rust Erik Johnson Sami Vatanen
Goaltenders
Starting : Christopher Gibson
Backup : Michael Hutchinson
Extra Forwards
Normal : Bryan Rust, Jake DeBrusk, Patrik Berglund - PP : Tanner Pearson, Brad Marchand - PK : Bryan Rust
Extra Defensemen
Normal : Esa Lindell, Christian Folin, Colby Robak - PP : Esa Lindell - PK : Sami Vatanen, Colby Robak
Penalty Shots
Eric Staal, Jake DeBrusk, Jimmy Hayes, Tanner Pearson, Kevin Labanc
Custom OT Lines Forwards
Eric Staal, Jake DeBrusk, Patrik Berglund, Bryan Rust, Jimmy Hayes, Brad Marchand, Tanner Pearson, Victor Rask, Kevin Labanc, Kyle Palmieri
Custom OT Lines Defensemen
Erik Johnson, Sami Vatanen, Christian Folin, Esa Lindell, Colby Robak
Scratches
Evgeny Svechnikov (Healthy), Matthew Nieto (Healthy)
Senateurs
5 vs 5 Forward
Center Left Wing Right Wing Time % Phy DF OF
1 Nick Bjugstad Alex Iafallo Michael Frolik 40 1 2 2
2 Vincent Trocheck Jordan Martinook Riley Sheahan 25 1 2 2
3 Quinton Howden Tim Schaller Richard Panik 20 1 2 2
4 Christoph Bertschy Zachary Sanford Anthony Beauvillier 15 1 2 2
5 vs 5 Defense
Defense Defense Time % Phy DF OF
1 Jake Gardiner Jared Cowen 40 1 2 2
2 Eric Gelinas Brendan Smith 25 1 2 2
3 Anton Lindholm Dmitry Sinitsyn 20 1 2 2
4 Jake Gardiner Jared Cowen 15 1 2 2
PowerPlay Forward
Center Left Wing Right Wing Time % Phy DF OF
1 Nick Bjugstad Alex Iafallo Michael Frolik 60 0 1 4
2 Vincent Trocheck Jordan Martinook Riley Sheahan 40 0 1 4
PowerPlay Defense
Defense Defense Time % Phy DF OF
1 Jake Gardiner Jared Cowen 60 0 1 4
2 Eric Gelinas Brendan Smith 40 0 1 4
Penalty Kill 4 Players Forward
Center Wing Time % Phy DF OF
1 Nick Bjugstad Alex Iafallo 60 0 4 1
2 Vincent Trocheck Jordan Martinook 40 0 4 1
Penalty Kill 4 Players Defense
Defense Defense Time % Phy DF OF
1 Jake Gardiner Jared Cowen 60 0 4 1
2 Eric Gelinas Brendan Smith 40 0 4 1
Penalty Kill - 3 Players Forward
Forward Time % Phy DF OF
1 Nick Bjugstad 60 0 4 1
2 Vincent Trocheck 40 0 4 1
Penalty Kill - 3 Players Defense
Defense Defense Time % Phy DF OF
1 Jake Gardiner Jared Cowen 60 0 4 1
2 Eric Gelinas Brendan Smith 40 0 4 1
4 vs 4 Forward
Center Wing Time % Phy DF OF
1 Nick Bjugstad Alex Iafallo 60 1 2 2
2 Vincent Trocheck Jordan Martinook 40 1 2 2
4 vs 4 Defense
Defense Defense Time % Phy DF OF
1 Jake Gardiner Jared Cowen 60 1 2 2
2 Eric Gelinas Brendan Smith 40 1 2 2
Last Minutes Offensive
Center Left Wing Right Wing Defense Defense
Nick Bjugstad Alex Iafallo Michael Frolik Jake Gardiner Jared Cowen
Last Minutes Defensive
Center Left Wing Right Wing Defense Defense
Nick Bjugstad Alex Iafallo Michael Frolik Jake Gardiner Jared Cowen
Goaltenders
Starting : Martin Jones
Backup : Mikko Koskinen
Extra Forwards
Normal : Vincent Trocheck, Richard Panik, Jordan Martinook - PP : Vincent Trocheck, Richard Panik - PK : Vincent Trocheck
Extra Defensemen
Normal : Brendan Smith, Anton Lindholm, Dmitry Sinitsyn - PP : Brendan Smith - PK : Brendan Smith, Anton Lindholm
Penalty Shots
Nick Bjugstad, Michael Frolik, Riley Sheahan, Alex Iafallo, Vincent Trocheck
Custom OT Lines Forwards
Nick Bjugstad, Michael Frolik, Riley Sheahan, Alex Iafallo, Vincent Trocheck, Richard Panik, Jordan Martinook, Quinton Howden, Zachary Sanford, Tim Schaller
Custom OT Lines Defensemen
Jake Gardiner, Jared Cowen, Eric Gelinas, Brendan Smith, Anton Lindholm
Scratches
Dennis Everberg (Healthy), Jordan Schmaltz (Healthy), Rostislav Olesz (Healthy)
% Time on Ice - Flames
Lines # - Real PCT - Wanted PCT - Time Play
Normal Forward
1 - 31% - 40% - 15:30
2 - 28% - 30% - 13:51
3 - 24% - 20% - 12:01
4 - 18% - 10% - 8:47
Normal Defense
1 - 39% - 40% - 19:38
2 - 33% - 30% - 16:34
3 - 23% - 20% - 11:29
4 - 5% - 10% - 2:28
PP Forward
1 - 63% - 60% - 2:29
2 - 37% - 40% - 1:29
PP Defense
1 - 67% - 60% - 2:40
2 - 33% - 40% - 1:18
PK Forward
1 - 70% - 60% - 4:08
2 - 30% - 40% - 1:45
PK Defense
1 - 63% - 60% - 3:41
2 - 37% - 40% - 2:12
PK3 Forward
1 - 0% - 60%
2 - 0% - 40%
PK3 Defense
1 - 0% - 60%
2 - 0% - 40%
44 Forward
1 - 0% - 60%
2 - 0% - 40%
44 Defense
1 - 0% - 60%
2 - 0% - 40%
Last Minute Offensive - 0:00
Last Minute Defensive - 0:00
Total
Forward - 60:00
Defense - 60:00
|
% Time on Ice - Senateurs
Lines # - Real PCT - Wanted PCT - Time Play
Normal Forward
1 - 33% - 40% - 16:24
2 - 28% - 25% - 13:56
3 - 23% - 20% - 11:20
4 - 17% - 15% - 8:29
Normal Defense
1 - 37% - 40% - 18:40
2 - 30% - 25% - 15:09
3 - 25% - 20% - 12:19
4 - 8% - 15% - 4:01
PP Forward
1 - 52% - 60% - 3:02
2 - 48% - 40% - 2:51
PP Defense
1 - 65% - 60% - 3:49
2 - 35% - 40% - 2:04
PK Forward
1 - 100% - 60% - 3:58
2 - 0% - 40% - 0:00
PK Defense
1 - 59% - 60% - 2:21
2 - 41% - 40% - 1:37
PK3 Forward
1 - 0% - 60%
2 - 0% - 40%
PK3 Defense
1 - 0% - 60%
2 - 0% - 40%
44 Forward
1 - 0% - 60%
2 - 0% - 40%
44 Defense
1 - 0% - 60%
2 - 0% - 40%
Last Minute Offensive - 0:00
Last Minute Defensive - 0:00
Total
Forward - 60:00
Defense - 60:00
|
Play-by-Play
1st period
0:01 of 1st period - Eric Staal wins face-off versus Nick Bjugstad in neutral zone.
0:16 of 1st period - Wrist shot by Alex Iafallo.
0:16 of 1st period - Stopped by Christopher Gibson with a rebound.
0:26 of 1st period - Vincent Trocheck is hit by Tanner Pearson and loses puck.
0:51 of 1st period - Richard Panik is hit by Kevin Labanc and loses puck.
1:33 of 1st period - Snap shot by Alex Iafallo.
1:33 of 1st period - Shot Misses the Net.
1:35 of 1st period - Wrist shot by Anton Lindholm.
1:35 of 1st period - Shot Misses the Net.
1:51 of 1st period - Wrist shot by Jordan Martinook.
1:51 of 1st period - Goal by Jordan Martinook - Flames : 0 - Senateurs : 1.
1:52 of 1st period - Nick Bjugstad wins face-off versus Eric Staal in neutral zone.
2:01 of 1st period - Wrist shot by Michael Frolik.
2:01 of 1st period - Stopped by Christopher Gibson without a rebound.
2:02 of 1st period - Nick Bjugstad wins face-off versus Eric Staal in Flames zone.
2:09 of 1st period - Wrist shot by Nick Bjugstad.
2:09 of 1st period - Shot Misses the Net.
2:11 of 1st period - Slapshot by Jared Cowen.
2:11 of 1st period - Deflect By Alex Iafallo.
2:11 of 1st period - Shot Blocked by Bryan Rust.
2:11 of 1st period - Puck is out of play.
2:12 of 1st period - Patrik Berglund wins face-off versus Quinton Howden in Flames zone.
2:38 of 1st period - Bryan Rust is hit by Jake Gardiner and loses puck.
3:03 of 1st period - Snap shot by Kevin Labanc.
3:03 of 1st period - Stopped by Martin Jones with a rebound.
3:05 of 1st period - Wrist shot by Jake DeBrusk.
3:05 of 1st period - Shot Blocked by Jared Cowen.
3:07 of 1st period - Snap shot by Jake DeBrusk.
3:07 of 1st period - Stopped by Martin Jones without a rebound.
3:08 of 1st period - Christoph Bertschy wins face-off versus Patrik Berglund in Senateurs zone.
4:37 of 1st period - Minor Penalty to Erik Johnson for Cross-checking.
4:38 of 1st period - Patrik Berglund wins face-off versus Nick Bjugstad in Flames zone.
5:03 of 1st period - Patrik Berglund is hit by Jared Cowen and loses puck.
5:10 of 1st period - Wrist shot by Jordan Martinook.
5:10 of 1st period - Shot Blocked by Colby Robak.
5:31 of 1st period - Eric Staal is hit by Jordan Martinook and loses puck.
5:36 of 1st period - Snap shot by Riley Sheahan.
5:36 of 1st period - Shot Misses the Net.
5:38 of 1st period - Wrist shot by Jared Cowen.
5:38 of 1st period - Shot Misses the Net.
5:42 of 1st period - Wrist shot by Jordan Martinook.
5:42 of 1st period - Shot Misses the Net.
5:44 of 1st period - Slapshot by Jared Cowen.
5:44 of 1st period - Deflect By Sami Vatanen.
5:44 of 1st period - Senateurs goal is going for a video replay.
5:44 of 1st period - The goal is refused. The net was displaced accidentally..
5:45 of 1st period - Nick Bjugstad wins face-off versus Patrik Berglund in Flames zone.
5:50 of 1st period - Snap shot by Alex Iafallo.
5:50 of 1st period - Shot Misses the Net.
6:17 of 1st period - Eric Staal is hit by Jared Cowen and loses puck.
6:37 of 1st period - Penalty to Erik Johnson is over, Erik Johnson is back on ice.
7:06 of 1st period - Dmitry Sinitsyn is hit by Jake DeBrusk and loses puck.
7:54 of 1st period - Wrist shot by Jake DeBrusk.
7:54 of 1st period - Stopped by Martin Jones without a rebound.
7:55 of 1st period - Victor Rask wins face-off versus Vincent Trocheck in Senateurs zone.
7:58 of 1st period - Slapshot by Kevin Labanc.
7:58 of 1st period - Shot Misses the Net.
8:00 of 1st period - Slapshot by Esa Lindell.
8:00 of 1st period - Shot Misses the Net.
8:02 of 1st period - Snap shot by Jake DeBrusk.
8:02 of 1st period - Shot Misses the Net.
8:04 of 1st period - Slapshot by Esa Lindell.
8:04 of 1st period - Stopped by Martin Jones without a rebound.
8:05 of 1st period - Eric Staal wins face-off versus Vincent Trocheck in Senateurs zone.
8:20 of 1st period - Slapshot by Eric Staal.
8:20 of 1st period - Shot Misses the Net.
8:22 of 1st period - Slapshot by Bryan Rust.
8:22 of 1st period - Flames goal is going for a video replay.
8:22 of 1st period - The goal is good.
8:22 of 1st period - Goal by Bryan Rust - Flames : 1 - Senateurs : 1.
8:23 of 1st period - Eric Staal wins face-off versus Nick Bjugstad in neutral zone.
9:12 of 1st period - Slapshot by Jake Gardiner.
9:12 of 1st period - Deflect By Quinton Howden.
9:12 of 1st period - Stopped by Christopher Gibson with a rebound.
10:34 of 1st period - Minor Penalty to Erik Johnson for Slashing.
10:35 of 1st period - Patrik Berglund wins face-off versus Alex Iafallo in Flames zone.
10:48 of 1st period - Snap shot by Alex Iafallo.
10:48 of 1st period - Stopped by Christopher Gibson without a rebound.
10:49 of 1st period - Nick Bjugstad wins face-off versus Patrik Berglund in Flames zone.
10:50 of 1st period - Snap shot by Alex Iafallo.
10:50 of 1st period - Shot Blocked by Christian Folin.
10:52 of 1st period - Snap shot by Jared Cowen.
10:52 of 1st period - Stopped by Christopher Gibson without a rebound.
10:53 of 1st period - Michael Frolik wins face-off versus Patrik Berglund in Flames zone.
10:54 of 1st period - Snap shot by Alex Iafallo.
10:54 of 1st period - Stopped by Christopher Gibson without a rebound.
10:55 of 1st period - Patrik Berglund wins face-off versus Nick Bjugstad in Flames zone.
11:48 of 1st period - Wrist shot by Jordan Martinook.
11:48 of 1st period - Shot Misses the Net.
11:50 of 1st period - Wrist shot by Jake Gardiner.
11:50 of 1st period - Goal by Jake Gardiner - Flames : 1 - Senateurs : 2.
11:51 of 1st period - Eric Staal wins face-off versus Michael Frolik in neutral zone.
12:30 of 1st period - Wrist shot by Kevin Labanc.
12:30 of 1st period - Stopped by Martin Jones with a rebound.
12:48 of 1st period - Snap shot by Alex Iafallo.
12:48 of 1st period - Stopped by Christopher Gibson without a rebound.
12:49 of 1st period - Patrik Berglund wins face-off versus Vincent Trocheck in Flames zone.
14:03 of 1st period - Wrist shot by Jimmy Hayes.
14:03 of 1st period - Stopped by Martin Jones without a rebound.
14:04 of 1st period - Nick Bjugstad wins face-off versus Eric Staal in Senateurs zone.
14:04 of 1st period - Nick Bjugstad is hit by Sami Vatanen.
14:30 of 1st period - Brad Marchand is hit by Jake Gardiner and loses puck.
14:39 of 1st period - Snap shot by Eric Staal.
14:39 of 1st period - Shot Misses the Net.
14:41 of 1st period - Snap shot by Bryan Rust.
14:41 of 1st period - Stopped by Martin Jones without a rebound.
14:42 of 1st period - Nick Bjugstad wins face-off versus Patrik Berglund in Senateurs zone.
14:53 of 1st period - Snap shot by Michael Frolik.
14:53 of 1st period - Stopped by Christopher Gibson without a rebound.
14:54 of 1st period - Patrik Berglund wins face-off versus Nick Bjugstad in Flames zone.
14:54 of 1st period - Patrik Berglund is hit by Alex Iafallo.
15:20 of 1st period - Jared Cowen is hit by Brad Marchand and loses puck.
15:31 of 1st period - Snap shot by Quinton Howden.
15:31 of 1st period - Shot Misses the Net.
15:44 of 1st period - Off-side.
15:45 of 1st period - Jake DeBrusk wins face-off versus Vincent Trocheck in neutral zone.
16:10 of 1st period - Wrist shot by Riley Sheahan.
16:10 of 1st period - Deflect By Jordan Martinook.
16:10 of 1st period - Stopped by Christopher Gibson with a rebound.
16:12 of 1st period - Wrist shot by Riley Sheahan.
16:12 of 1st period - Stopped by Christopher Gibson with a rebound.
16:14 of 1st period - Wrist shot by Anton Lindholm.
16:14 of 1st period - Stopped by Christopher Gibson without a rebound.
16:15 of 1st period - Nick Bjugstad wins face-off versus Eric Staal in Flames zone.
16:46 of 1st period - Snap shot by Tim Schaller.
16:46 of 1st period - Stopped by Christopher Gibson without a rebound.
16:47 of 1st period - Patrik Berglund wins face-off versus Quinton Howden in Flames zone.
17:19 of 1st period - Snap shot by Bryan Rust.
17:19 of 1st period - Stopped by Martin Jones with a rebound.
17:21 of 1st period - Snap shot by Brad Marchand.
17:21 of 1st period - Shot Misses the Net.
17:23 of 1st period - Slapshot by Sami Vatanen.
17:23 of 1st period - Shot Misses the Net.
17:57 of 1st period - Slapshot by Jake Gardiner.
17:57 of 1st period - Deflect By Anthony Beauvillier.
17:57 of 1st period - Stopped by Christopher Gibson with a rebound.
18:40 of 1st period - Backhand shot by Richard Panik.
18:40 of 1st period - Shot Misses the Net.
18:42 of 1st period - Slapshot by Jared Cowen.
18:42 of 1st period - Stopped by Christopher Gibson without a rebound.
18:43 of 1st period - Eric Staal wins face-off versus Quinton Howden in Flames zone.
19:24 of 1st period - Snap shot by Alex Iafallo.
19:24 of 1st period - Shot Blocked by Sami Vatanen.
19:31 of 1st period - Icing by Sami Vatanen.
19:32 of 1st period - Victor Rask wins face-off versus Christoph Bertschy in Flames zone.
19:32 of 1st period - Victor Rask is hit by Christoph Bertschy.
19:33 of 1st period - Victor Rask from Flames is injured at 19:33 of 1st period (Lacerated Left Calf).
19:34 of 1st period - Eric Staal wins face-off versus Nick Bjugstad in Flames zone.
19:45 of 1st period - Snap shot by Brad Marchand.
19:45 of 1st period - Stopped by Martin Jones with a rebound.
19:47 of 1st period - Slapshot by Erik Johnson.
19:47 of 1st period - Shot Misses the Net.
Goals for this period are 1 for Flames vs 2 for Senateurs.
Shots for this period are 10 for Flames vs 17 for Senateurs.
2nd period
0:01 of 2nd period - Eric Staal wins face-off versus Nick Bjugstad in neutral zone.
0:26 of 2nd period - Jordan Martinook is hit by Jimmy Hayes and loses puck.
1:04 of 2nd period - Icing by Richard Panik.
1:05 of 2nd period - Quinton Howden wins face-off versus Anders Lee in Senateurs zone.
1:16 of 2nd period - Slapshot by Tim Schaller.
1:16 of 2nd period - Stopped by Christopher Gibson without a rebound.
1:17 of 2nd period - Nick Bjugstad wins face-off versus Eric Staal in Flames zone.
1:34 of 2nd period - Eric Gelinas is hit by Eric Staal and loses puck.
2:08 of 2nd period - Slapshot by Anthony Beauvillier.
2:08 of 2nd period - Stopped by Christopher Gibson with a rebound.
2:10 of 2nd period - Slapshot by Anthony Beauvillier.
2:10 of 2nd period - Shot Misses the Net.
2:16 of 2nd period - Snap shot by Anthony Beauvillier.
2:16 of 2nd period - Stopped by Christopher Gibson without a rebound.
2:17 of 2nd period - Nick Bjugstad wins face-off versus Patrik Berglund in Flames zone.
2:44 of 2nd period - Rasmus Andersson is hit by Vincent Trocheck and loses puck.
2:53 of 2nd period - Riley Sheahan is hit by Jake DeBrusk and loses puck.
3:10 of 2nd period - Christoph Bertschy is hit by David Ullstrom.
3:34 of 2nd period - Slapshot by Tanner Pearson.
3:34 of 2nd period - Stopped by Martin Jones with a rebound.
3:36 of 2nd period - Slapshot by Sami Vatanen.
3:36 of 2nd period - Deflect By Anton Lindholm.
3:36 of 2nd period - Stopped by Martin Jones without a rebound.
3:37 of 2nd period - Nick Bjugstad wins face-off versus Patrik Berglund in Senateurs zone.
5:11 of 2nd period - Alex Iafallo is hit by Jimmy Hayes and loses puck.
6:12 of 2nd period - Brendan Smith is hit by Erik Johnson and loses puck.
7:15 of 2nd period - Sami Vatanen is hit by Jordan Martinook and loses puck.
7:37 of 2nd period - Bryan Rust is hit by Christoph Bertschy and loses puck.
8:53 of 2nd period - Brendan Smith is hit by Brad Marchand and loses puck.
9:12 of 2nd period - Snap shot by Zachary Sanford.
9:12 of 2nd period - Stopped by Christopher Gibson with a rebound.
10:11 of 2nd period - Slapshot by Anton Lindholm.
10:11 of 2nd period - Shot Misses the Net.
10:17 of 2nd period - Wrist shot by Richard Panik.
10:17 of 2nd period - Stopped by Christopher Gibson with a rebound.
10:41 of 2nd period - Slapshot by Jake Gardiner.
10:41 of 2nd period - Stopped by Christopher Gibson with a rebound.
10:43 of 2nd period - Slapshot by Jared Cowen.
10:43 of 2nd period - Shot Blocked by Colby Robak.
11:05 of 2nd period - Christian Folin is hit by Richard Panik and loses puck.
11:23 of 2nd period - David Ullstrom is hit by Anthony Beauvillier and loses puck.
12:10 of 2nd period - Michael Frolik is hit by Rasmus Andersson and loses puck.
12:32 of 2nd period - Icing by Jake DeBrusk.
12:33 of 2nd period - Quinton Howden wins face-off versus Bryan Rust in Flames zone.
13:38 of 2nd period - Jared Cowen is hit by Sami Vatanen and loses puck.
13:42 of 2nd period - Icing by Erik Johnson.
13:43 of 2nd period - Nick Bjugstad wins face-off versus Anders Lee in Flames zone.
13:50 of 2nd period - Slapshot by Nick Bjugstad.
13:50 of 2nd period - Stopped by Christopher Gibson with a rebound.
14:09 of 2nd period - Minor Penalty to Erik Johnson for Hooking.
14:10 of 2nd period - Nick Bjugstad wins face-off versus Brad Marchand in Flames zone.
15:28 of 2nd period - Anders Lee is hit by Jared Cowen and loses puck.
16:09 of 2nd period - Penalty to Erik Johnson is over, Erik Johnson is back on ice.
16:34 of 2nd period - Wrist shot by Anders Lee.
16:34 of 2nd period - Deflect By Jake DeBrusk.
16:34 of 2nd period - Stopped by Martin Jones without a rebound.
16:35 of 2nd period - Bryan Rust wins face-off versus Christoph Bertschy in Senateurs zone.
16:36 of 2nd period - Snap shot by Kevin Labanc.
16:36 of 2nd period - Shot Misses the Net.
16:38 of 2nd period - Slapshot by Erik Johnson.
16:38 of 2nd period - Stopped by Martin Jones without a rebound.
16:39 of 2nd period - Christoph Bertschy wins face-off versus Bryan Rust in Senateurs zone.
17:16 of 2nd period - Michael Frolik is hit by Patrik Berglund and loses puck.
17:37 of 2nd period - Slapshot by Quinton Howden.
17:37 of 2nd period - Shot Misses the Net.
17:49 of 2nd period - Slapshot by Esa Lindell.
17:49 of 2nd period - Stopped by Martin Jones without a rebound.
17:50 of 2nd period - Vincent Trocheck wins face-off versus Eric Staal in Senateurs zone.
18:10 of 2nd period - Minor Penalty to Brad Marchand for Tripping.
18:11 of 2nd period - Patrik Berglund wins face-off versus Nick Bjugstad in Flames zone.
18:11 of 2nd period - Patrik Berglund is hit by Jared Cowen.
18:45 of 2nd period - Snap shot by Eric Gelinas.
18:45 of 2nd period - Shot Blocked by Erik Johnson.
18:47 of 2nd period - Slapshot by Riley Sheahan.
18:47 of 2nd period - Stopped by Christopher Gibson with a rebound.
18:49 of 2nd period - Wrist shot by Jordan Martinook.
18:49 of 2nd period - Goal by Jordan Martinook - Flames : 1 - Senateurs : 3.
18:50 of 2nd period - Eric Staal wins face-off versus Nick Bjugstad in neutral zone.
19:42 of 2nd period - Kyle Palmieri is hit by Vincent Trocheck and loses puck.
19:49 of 2nd period - Slapshot by Jordan Martinook.
19:49 of 2nd period - Shot Misses the Net.
Goals for this period are 0 for Flames vs 1 for Senateurs.
Shots for this period are 5 for Flames vs 9 for Senateurs.
3rd period
0:01 of 3rd period - Nick Bjugstad wins face-off versus Eric Staal in neutral zone.
0:17 of 3rd period - Snap shot by Bryan Rust.
0:17 of 3rd period - Shot Misses the Net.
0:36 of 3rd period - Snap shot by Patrik Berglund.
0:36 of 3rd period - Shot Blocked by Jared Cowen.
1:28 of 3rd period - Michael Frolik is hit by Colby Robak and loses puck.
2:44 of 3rd period - Wrist shot by Anders Lee.
2:44 of 3rd period - Shot Misses the Net.
2:52 of 3rd period - Christian Folin is hit by Christoph Bertschy and loses puck.
3:01 of 3rd period - Wrist shot by Zachary Sanford.
3:01 of 3rd period - Stopped by Christopher Gibson without a rebound.
3:02 of 3rd period - Eric Staal wins face-off versus Nick Bjugstad in Flames zone.
3:51 of 3rd period - Off-side.
3:52 of 3rd period - Quinton Howden wins face-off versus Bryan Rust in neutral zone.
4:05 of 3rd period - Jared Cowen is hit by Christian Folin and loses puck.
4:20 of 3rd period - Slapshot by Tanner Pearson.
4:20 of 3rd period - Stopped by Martin Jones without a rebound.
4:21 of 3rd period - Patrik Berglund wins face-off versus Nick Bjugstad in Senateurs zone.
4:22 of 3rd period - Slapshot by Tanner Pearson.
4:22 of 3rd period - Shot Misses the Net.
4:34 of 3rd period - Snap shot by Alex Iafallo.
4:34 of 3rd period - Stopped by Christopher Gibson with a rebound.
4:46 of 3rd period - Jordan Martinook is hit by Eric Staal and loses puck.
4:53 of 3rd period - Snap shot by Riley Sheahan.
4:53 of 3rd period - Shot Misses the Net.
4:55 of 3rd period - Slapshot by Jake Gardiner.
4:55 of 3rd period - Stopped by Christopher Gibson without a rebound.
4:56 of 3rd period - Eric Staal wins face-off versus Nick Bjugstad in Flames zone.
5:21 of 3rd period - Vincent Trocheck is hit by Tanner Pearson and loses puck.
5:39 of 3rd period - Icing by Rasmus Andersson.
5:40 of 3rd period - Quinton Howden wins face-off versus Bryan Rust in Flames zone.
5:47 of 3rd period - Wrist shot by Michael Frolik.
5:47 of 3rd period - Stopped by Christopher Gibson without a rebound.
5:48 of 3rd period - Nick Bjugstad wins face-off versus Eric Staal in Flames zone.
5:57 of 3rd period - Slapshot by Eric Staal.
5:57 of 3rd period - Deflect By Brad Marchand.
5:57 of 3rd period - Stopped by Martin Jones without a rebound.
5:58 of 3rd period - Nick Bjugstad wins face-off versus Eric Staal in Senateurs zone.
6:21 of 3rd period - Wrist shot by Bryan Rust.
6:21 of 3rd period - Stopped by Martin Jones with a rebound.
6:23 of 3rd period - Wrist shot by Eric Staal.
6:23 of 3rd period - Stopped by Martin Jones without a rebound.
6:24 of 3rd period - Patrik Berglund wins face-off versus Vincent Trocheck in Senateurs zone.
6:25 of 3rd period - Wrist shot by Jimmy Hayes.
6:25 of 3rd period - Stopped by Martin Jones with a rebound.
6:36 of 3rd period - Slapshot by Christian Folin.
6:36 of 3rd period - Stopped by Martin Jones without a rebound.
6:36 of 3rd period - Minor Penalty to Martin Jones for Slashing.
6:37 of 3rd period - Eric Staal wins face-off versus Nick Bjugstad in Senateurs zone.
6:38 of 3rd period - Slapshot by Erik Johnson.
6:38 of 3rd period - Stopped by Martin Jones without a rebound.
6:39 of 3rd period - Eric Staal wins face-off versus Nick Bjugstad in Senateurs zone.
6:54 of 3rd period - Snap shot by Jake DeBrusk.
6:54 of 3rd period - Shot Misses the Net.
8:36 of 3rd period - Penalty to Jordan Martinook is over, Jordan Martinook is back on ice.
8:53 of 3rd period - Icing by Brad Marchand.
8:54 of 3rd period - Brad Marchand wins face-off versus Vincent Trocheck in Flames zone.
8:59 of 3rd period - Kyle Palmieri is hit by Jordan Martinook and loses puck.
10:03 of 3rd period - Sami Vatanen is hit by Christoph Bertschy.
10:07 of 3rd period - Wrist shot by Zachary Sanford.
10:07 of 3rd period - Stopped by Christopher Gibson with a rebound.
10:43 of 3rd period - Wrist shot by Tim Schaller.
10:43 of 3rd period - Deflect By Quinton Howden.
10:43 of 3rd period - Shot Blocked by Patrik Berglund.
10:43 of 3rd period - Puck is out of play.
10:44 of 3rd period - Nick Bjugstad wins face-off versus Eric Staal in Flames zone.
10:47 of 3rd period - Snap shot by Alex Iafallo.
10:47 of 3rd period - Deflect By Michael Frolik.
10:47 of 3rd period - Shot Blocked by Bryan Rust.
10:47 of 3rd period - Puck is out of play.
10:48 of 3rd period - Eric Staal wins face-off versus Nick Bjugstad in Flames zone.
11:42 of 3rd period - Icing by Tim Schaller.
11:43 of 3rd period - Quinton Howden wins face-off versus Bryan Rust in Senateurs zone.
11:48 of 3rd period - Esa Lindell is hit by Tim Schaller and loses puck.
11:57 of 3rd period - Snap shot by Jake DeBrusk.
11:57 of 3rd period - Shot Misses the Net.
12:26 of 3rd period - Off-side.
12:27 of 3rd period - Kyle Palmieri wins face-off versus Vincent Trocheck in neutral zone.
13:11 of 3rd period - Minor Penalty to Alex Iafallo for Cross-checking.
13:12 of 3rd period - Eric Staal wins face-off versus Nick Bjugstad in Senateurs zone.
13:27 of 3rd period - Slapshot by Erik Johnson.
13:27 of 3rd period - Shot Blocked by Eric Gelinas.
14:15 of 3rd period - Icing by Patrik Berglund.
14:16 of 3rd period - Christoph Bertschy wins face-off versus Eric Staal in Flames zone.
14:27 of 3rd period - Slapshot by Esa Lindell.
14:27 of 3rd period - Deflect By Jordan Martinook.
14:27 of 3rd period - Stopped by Martin Jones without a rebound.
14:28 of 3rd period - Eric Staal wins face-off versus Nick Bjugstad in Senateurs zone.
14:31 of 3rd period - Snap shot by Jimmy Hayes.
14:31 of 3rd period - Stopped by Martin Jones without a rebound.
14:32 of 3rd period - Eric Staal wins face-off versus Nick Bjugstad in Senateurs zone.
15:11 of 3rd period - Penalty to Alex Iafallo is over, Alex Iafallo is back on ice.
15:25 of 3rd period - Snap shot by Jake DeBrusk.
15:25 of 3rd period - Stopped by Martin Jones without a rebound.
15:26 of 3rd period - Quinton Howden wins face-off versus Anders Lee in Senateurs zone.
16:24 of 3rd period - Tanner Pearson is hit by Zachary Sanford and loses puck.
17:48 of 3rd period - Snap shot by Michael Frolik.
17:48 of 3rd period - Shot Misses the Net.
17:50 of 3rd period - Snap shot by Alex Iafallo.
17:50 of 3rd period - Shot Misses the Net.
18:04 of 3rd period - Snap shot by Kevin Labanc.
18:04 of 3rd period - Stopped by Martin Jones with a rebound.
18:33 of 3rd period - Eric Gelinas is hit by Christian Folin.
18:37 of 3rd period - Slapshot by Jordan Martinook.
18:37 of 3rd period - Shot Misses the Net.
18:39 of 3rd period - Wrist shot by Riley Sheahan.
18:39 of 3rd period - Deflect By Jordan Martinook.
18:39 of 3rd period - Shot Blocked by Bryan Rust.
18:39 of 3rd period - Puck is out of play.
18:40 of 3rd period - Quinton Howden wins face-off versus Brad Marchand in Flames zone.
18:45 of 3rd period - Snap shot by Quinton Howden.
18:45 of 3rd period - Stopped by Christopher Gibson without a rebound.
18:46 of 3rd period - Quinton Howden wins face-off versus Bryan Rust in Flames zone.
18:59 of 3rd period - Snap shot by Quinton Howden.
18:59 of 3rd period - Stopped by Christopher Gibson with a rebound.
Goals for this period are 0 for Flames vs 0 for Senateurs.
Shots for this period are 11 for Flames vs 7 for Senateurs.